Unix NetHack Version 5.0.0-0 post-release - last build May 23 2026 06:08:33 (1c0ff79ee797540d5714e4e18072db0edd9e58ae,branch:main).

Game began 2026-05-23 15:13:50, ended 2026-05-23 22:18:30.

IanCurtis, chaotic male elven Wizard

                 ---       -------
                 .................|
                 .%..[.....)....|[-
                 .%-------------|..
                 ....|..........|.-
                 ....|..-------.|.--                         -------------
                 ....|..|     |.....                         |...........|
                  ...|.)|     ------                         ----..-----.|
                  ...|..------------                 -..-  --|..|..|   |.|
                  ...|.*[.....).....                  ..|  ..|..|..|   |.|
      $        # # .-|``------------------------------..   ..|..|.%----|.|
      #######*#####..|..|............................|..  |..-.-|.....||.|
   "*##*   *     ###.|..|......................g...---..  |.....|--...||.|
   **             ###|.....@.........<.............|...-  |.|`--- |...||.|
                   `#|..|..........................|...| ---|`|   -----|.|
                   #`|..----------------------------...---.--.----------.|
                     |...................)...[...........................|
                     -----------------------------------------------------
IanCurtis the Thaumaturge  St:14 Dx:16 Co:16 In:20 Wi:15 Ch:8  Chaotic
Dlvl:12 $:155 HP:0(58) Pw:114(114) AC:6  Xp:9 T:11835  Burdened

Latest messages:
 You see here a dagger.
 Please move the cursor to a monster, object or location.
 (For instructions type a '?')
 You see here a towel.
 You have a little trouble lifting l - a towel.
 You see here a scroll of identify.
 You learn more about your items by comparing them.
 You have a little trouble lifting Z - an uncursed scroll of identify (3 in total).
 You climb up the stairs.
 You hear crashing rock.
 What do you want to read? [ijmwAKPQWYZ or ?*] ?
 What do you want to read? [ijmwAKPQWYZ or ?*] <space>
 Never mind.
 A trap door opens up under you!
 Click!  You trigger a rolling boulder trap!
 Fortunately for you, no boulder was released.
 There are several objects here.
 The plains centaur thrusts his elven dagger.
 The plains centaur hits!
 The plains centaur kicks!
 The plains centaur thrusts his elven dagger.
 The plains centaur hits!
 The plains centaur kicks!
 The plains centaur thrusts his elven dagger.
 The plains centaur hits!
 The plains centaur kicks!
 The plains centaur thrusts his elven dagger.
 The plains centaur hits!
 The plains centaur kicks!
 The plains centaur thrusts his elven dagger.
 The plains centaur hits!
 The plains centaur kicks!
 What do you want to write with? [- acelnpzE-GIJLMU or ?*] a
 You engrave in the floor with the rustproof +0 Magicbane (weapon in right hand).
 What do you want to engrave in the floor here? Elbereth
 The plains centaur turns to flee.
 The plains centaur wields a bow!
 The plains centaur shoots an arrow!
 You are hit by an arrow!
 Wizard is about to die.
 The flaming sphere explodes!
 Boom!
 You are caught in the flaming sphere's explosion!
 Your tallow candles catch light!
 Your potion of oil catches light!
 Your wax candle catches light!
 Your tallow candle catches light!
 Your wax candle catches light!
 The flaming sphere's explosion is fatal.
 Do you want your possessions identified? [ynq] (y) q

Inventory:
 Coins    ('$')
  $ - 155 gold pieces
 Weapons  (')')
  a - the rustproof +0 Magicbane (weapon in right hand)
  p - a blessed +1 quarterstaff
 Armor    ('[')
  x - an uncursed +0 orcish helm (being worn)
  t - an uncursed +1 pair of low boots (being worn)
  b - a blessed +0 cloak of magic resistance (being worn)
 Scrolls  ('?')
  i - 4 uncursed scrolls of blank paper
  W - an uncursed scroll of create monster
  Q - 2 cursed scrolls of create monster
  K - an uncursed scroll of enchant armor
  Y - a blessed scroll of enchant weapon
  w - an uncursed scroll of enchant weapon
  P - an uncursed scroll of food detection
  Z - 3 uncursed scrolls of identify
  A - an uncursed scroll of light
  j - an uncursed scroll of scare monster
 Spellbooks  ('+')
  m - an uncursed spellbook of cure sickness
 Potions  ('!')
  T - 5 uncursed potions of booze
  k - a cursed potion of booze
  H - an uncursed potion of enlightenment
  D - an uncursed potion of extra healing
  X - a blessed potion of fruit juice
  h - an uncursed potion of gain energy
  B - 4 uncursed potions of healing
  S - an uncursed potion of levitation
  f - an uncursed potion of monster detection
  N - an uncursed potion of object detection
  s - an uncursed potion of oil (lit)
  r - an uncursed potion of paralysis
  g - an uncursed potion of see invisible
  V - an uncursed potion of sleeping
  u - a blessed potion of speed
  O - an uncursed potion of water
 Rings    ('=')
  e - an uncursed ring of fire resistance
  z - an uncursed ring of see invisible
 Wands    ('/')
  L - a wand of cold (0:6)
  E - a wand of magic missile (0:0)
  G - a wand of make invisible (0:6)
  M - a wand of make invisible (0:5)
  I - a wand of secret door detection (0:15)
  c - a wand of sleep (0:2)
  J - a wand of slow monster (0:5)
  U - a wand of slow monster (0:5)
 Tools    ('(')
  v - a frost horn (0:5)
  n - a magic marker (0:19)
  d - a very rusty +0 pick-axe
  o - 2 uncursed tallow candles (lit)
  C - an uncursed partly used tallow candle (lit)
  l - an uncursed towel
  y - an uncursed partly used wax candle (lit)
  R - an uncursed wax candle (lit)
 Gems/Stones  ('*')
  F - 2 uncursed luckstones

IanCurtis the Wizard's attributes:

Background:
 You were a Thaumaturge, a level 9 male elven Wizard.
 You were chaotic, on a mission for Anhur
 who was opposed by Ptah (lawful) and Thoth (neutral).
 You were right-handed.
 You were in the Gnomish Mines, on level 12.
 You entered the dungeon 11835 turns ago.
 It was nighttime.
 You had 2932 experience points, 2188 more were needed to attain level 10.

Basics:
 You had 0 out of 58 hit points.
 You had all 114 energy points (spell power).
 Your armor class was 6.
 Your wallet contained 155 zorkmids.
 Autopickup was off.

Final Characteristics:
 Your strength was 14 (limit:18).
 Your dexterity was 16 (limit:18).
 Your constitution was 16 (limit:16).
 Your intelligence was 20 (limit:20).
 Your wisdom was 15 (limit:20).
 Your charisma was 8 (limit:18).

Final Status:
 You weren't hungry.
 You were burdened; movement was slightly slowed.
 You were wielding a dagger.
 You had basic skill with dagger and could have enhanced that.

Final Attributes:
 You were piously aligned.
 You were magic-protected.
 You were sleep resistant.
 You were poison resistant.
 You were telepathic.
 You had infravision.
 You were warded.
 You were lucky.
 You had extra luck.
 Bad luck did not time out for you.
 Good luck did not time out for you.
 You are dead.

Miscellaneous:
 You didn't encounter any bones levels.
 Total elapsed playing time was 1 hour, 48 minutes and 49 seconds.

Major events:
 Turn
    1: IanCurtis the chaotic male elven Wizard entered the dungeon
 1062: attained the rank of Conjurer (level 3)
 1146: entered the Gnomish Mines
 4941: attained the rank of Thaumaturge (level 6)
 7872: was bestowed with Magicbane by Anhur
 9207: reached Mine Town
11475: acquired the Mines' End luckstone
11835: burned by a flaming sphere's explosion

Spells:
 Name                 Level Category     Fail Retention
 force bolt             1   attack         0%   41%-45%
 create monster         2   clerical       0%   41%-50%
 jumping                1   escape         0%   26%-50%
 knock                  1   matter         0%   26%-50%
 cure sickness          3   healing       69%  76%-100%

Skills:
 Fighting Skills
   bare handed combat [Unskilled]
   riding             [Unskilled]
 Weapon Skills
   dagger             [Basic]
   knife              [Unskilled]
   axe                [Unskilled]
   short sword        [Unskilled]
   club               [Unskilled]
   mace               [Unskilled]
   quarterstaff       [Basic]
   polearms           [Unskilled]
   spear              [Unskilled]
   trident            [Unskilled]
   sling              [Unskilled]
   dart               [Unskilled]
   shuriken           [Unskilled]
 Spellcasting Skills
   attack spells      [Skilled]
   healing spells     [Unskilled]
   divination spells  [Unskilled]
   enchantment spells [Basic]
   clerical spells    [Basic]
   escape spells      [Unskilled]
   matter spells      [Unskilled]

Voluntary challenges:
 Character rerolling was not enabled.
 You never genocided any monsters.
 You never polymorphed an object.
 You never changed form.
 You used no wishes.
Achievements:
 You entered a shop.
 You attained the rank of Conjurer.
 You entered the Gnomish Mines.
 You attained the rank of Thaumaturge.
 You entered Minetown.
 You entered a temple.
 You completed the Gnomish Mines.

 The Dungeons of Doom: levels 1 to 5
    Level 1: "spellbooks by altar"
       An altar to Anhur, a fountain.
    Level 2:
       A general store, a fountain, a sink.
    Level 3:
       An armor shop.
    Level 4:
       Stairs down to The Gnomish Mines.
    Level 5:
       A ring shop, a fountain, a grave.
 The Gnomish Mines: levels 5 to 12
    Level 5:
    Level 6:
    Level 7:
       Many shops, a temple and an altar, some fountains, a sink.
    Level 8:
    Level 9:
    Level 10:
    Level 11:
    Level 12: <- You were here.
       Final resting place for
          you, burned by a flaming sphere's explosion.


Vanquished creatures:
  a purple worm
  a fire vortex
  2 small mimics
  a flaming sphere
  a crocodile
  a quivering blob
  a giant spider
  a horse
 an ice vortex
  a gnome ruler
  a jaguar
  a dwarf leader
  a blue jelly
  a gnome mummy
  3 apes
  a quasit
  a fog cloud
  a yellow light
  a shrieker
 13 gnome leaders
  8 gnomish wizards
  a paper golem
  8 floating eyes
  3 kittens
 14 dwarves
  2 homunculi
  a rothe
  a centipede
  2 giant bats
  5 monkeys
  5 orc zombies
  5 dwarf zombies
  a wererat
  3 werejackals
 14 iguanas
  5 acid blobs
  3 coyotes
  a gas spore
  9 hobbits
  4 manes
  5 large kobolds
  3 hobgoblins
 12 giant rats
  6 cave spiders
  4 yellow molds
  2 red molds
 50 gnomes
 11 garter snakes
  7 gnome zombies
 12 geckos
 15 jackals
  3 foxes
  5 kobolds
  9 goblins
  3 sewer rats
 11 grid bugs
  9 bats
 14 lichens
  2 kobold zombies
 15 newts
328 creatures vanquished.

No species were genocided or became extinct.

Game over:
                       ----------
                      /          \
                     /    REST    \
                    /      IN      \
                   /     PEACE      \
                  /                  \
                  |    IanCurtis     |
                  |      155 Au      |
                  |   burned by a    |
                  | flaming sphere's |
                  |    explosion     |
                  |                  |
                  |       2026       |
                 *|     *  *  *      | *
        _________)/\\_//(\/(/\)/\//\/|_)_______

Goodbye IanCurtis the Wizard...

You burned in The Gnomish Mines on dungeon level 12 with 12428 points,
and 155 pieces of gold, after 11835 moves.
You were level 9 with a maximum of 58 hit points when you burned.

